Map: Romanticide LE

Players

Rogue

  • Race: Zerg Zerg
  • Spawn Location: 11:00

Vanya - Winner!

  • Race: Zerg Zerg
  • Spawn Location: 5:00

Event: StayAtHome Story Cup #3

VOD

Have the link to the VOD?

Description

Time

  • Played on: March 11, 2021, 7:29 a.m.
  • Length: 7:12

All games in this series

Show
View Real Time Build Order
Export as new Build Order

Rogue Zerg 

Build Orders: Hatch First 

Get SALT Encoding   

  12  0:00  Drone  
  13  0:12  Overlord  
  13  0:17  Drone  
  14  0:31  Drone x2  
  16  0:49  Hatchery  
  15  0:51  Drone  
  15  0:54  Drone  
  17  0:57  Drone  
  18  1:08  Extractor  
  17  1:13  Spawning Pool  
  17  1:16  Drone  
  17  1:19  Drone  
  18  1:28  Drone  
  19  1:39  Drone  
  20  1:50  Drone  
  21  2:00  Queen  
  21  2:01  Queen  
  23  2:02  Drone, Overlord  
  26  2:11  Drone, Metabolic Boost  
  26  2:13  Drone  
  28  2:23  Zergling x2  
  28  2:24  Drone  
  30  2:34  Hatchery  
  30  2:36  Drone  
  30  2:41  Queen  
  32  2:47  Drone x2  
  34  2:53  Baneling Nest  
  34  2:56  Overlord  
  34  2:58  Zergling x2  
  34  3:00  Drone  
  34  3:04  Drone  
  36  3:15  Drone x4  
  36  3:16  Drone  
  36  3:17  Drone  
  42  3:22  Overlord  
  42  3:25  Drone  
  42  3:26  Drone  
  44  3:41  Lair  
  44  3:43  Drone  
  44  3:44  Drone x4  
  44  3:46  Drone x2  
  44  3:47  Evolution Chamber  
  50  3:49  Extractor  
  50  3:52  Drone x3  
  52  4:00  Roach Warren  
  52  4:02  Zergling x6  
  54  4:06  Overlord  
  54  4:07  Drone  
  55  4:10  Drone  
  55  4:13  Drone x2  
  55  4:16  Extractor  
  57  4:17  Extractor  
  57  4:19  Drone  
  57  4:20  Drone  
  57  4:22  Overlord  
  57  4:24  Overlord  
  58  4:28  Drone x4  
  62  4:37  Zergling x6  
  65  4:42  Spire  
  65  4:44  Drone x3  
  67  4:47  Baneling  
  67  4:50  Zerg Melee Weapons Level 1  
  67  4:52  Zergling x4  
  69  4:53  Drone x2  
  69  4:56  Overlord  
  69  4:58  Drone  
  72  5:00  Drone  
  72  5:01  Drone  
  72  5:03  Extractor x2  
  72  5:04  Drone  
  72  5:05  Drone  
  72  5:06  Drone  
  72  5:14  Drone x2  
  72  5:15  Drone x2  
  72  5:16  Drone  
  72  5:19  Zergling x4  
  77  5:26  Overlord  
  77  5:29  Drone  
  77  5:30  Drone x2  
  77  5:31  Zergling x2  
  77  5:32  Zergling x4  
  77  5:33  Zergling x2  
  84  5:38  Overlord  
  84  5:39  Zergling x8  
  84  5:41  Baneling  
  88  5:47  Zergling x2  
  89  5:51  Overlord  
  88  5:58  Drone  
  88  6:00  Mutalisk x3  
  88  6:01  Mutalisk  
  97  6:04  Overlord  
  97  6:10  Mutalisk x3  
  101  6:12  Mutalisk  
  101  6:15  Hatchery, Mutalisk  
  103  6:21  Mutalisk x2  
  103  6:23  Drone  
  103  6:24  Drone x3  
  110  6:29  Mutalisk  
  110  6:30  Mutalisk  
  113  6:33  Zergling x4  
  113  6:34  Zergling x4  
  113  6:35  Zergling x2  
  118  6:40  Mutalisk  
  118  6:42  Overlord  
  118  6:43  Overlord  
  118  6:44  Unknown  
  119  6:47  Mutalisk  
  119  6:48  Overlord  
  119  6:49  Zergling x2  
Show
View Real Time Build Order
Export as new Build Order

Vanya Zerg - Winner!

Build Orders: Hatch First 

Get SALT Encoding   

  12  0:00  Drone  
  13  0:13  Overlord  
  13  0:16  Drone  
  14  0:32  Drone x2  
  16  0:48  Hatchery  
  15  0:51  Drone  
  15  0:54  Drone  
  17  0:58  Drone  
  18  1:08  Extractor  
  17  1:13  Spawning Pool  
  17  1:15  Drone  
  17  1:19  Drone  
  18  1:29  Drone  
  20  1:40  Drone  
  20  1:50  Drone  
  21  1:59  Queen  
  21  2:00  Queen, Zergling x2  
  26  2:01  Overlord  
  26  2:09  Metabolic Boost  
  26  2:11  Drone  
  26  2:12  Drone  
  28  2:21  Drone  
  29  2:23  Drone  
  30  2:33  Hatchery  
  30  2:36  Drone  
  30  2:39  Drone  
  30  2:43  Drone  
  32  2:44  Drone  
  32  2:50  Baneling Nest  
  32  2:55  Overlord  
  32  2:56  Drone  
  33  3:02  Queen  
  36  3:05  Drone  
  36  3:14  Drone  
  36  3:15  Zergling x6  
  40  3:21  Overlord  
  40  3:24  Drone x2  
  40  3:25  Evolution Chamber  
  41  3:30  Lair  
  41  3:31  Extractor  
  41  3:33  Drone  
  41  3:35  Drone  
  41  3:37  Extractor  
  41  3:38  Drone  
  41  3:40  Drone  
  42  3:44  Baneling  
  42  3:46  Drone x2  
  45  3:48  Drone  
  45  3:54  Drone x2  
  47  4:00  Overlord  
  47  4:01  Drone x2  
  49  4:06  Zerg Melee Weapons Level 1  
  49  4:08  Drone x2  
  51  4:13  Extractor, Drone x2  
  51  4:16  Drone x2  
  54  4:20  Drone x2  
  54  4:22  Drone  
  54  4:23  Drone  
  58  4:32  Drone, Spire  
  58  4:33  Drone  
  58  4:35  Drone  
  59  4:40  Overlord  
  59  4:44  Drone x4  
  63  4:48  Drone x2  
  65  4:56  Extractor x2, Baneling  
  63  5:00  Zergling x14  
  63  5:02  Drone x2  
  63  5:04  Drone  
  71  5:17  Overlord  
  71  5:19  Drone  
  72  5:23  Drone x2, Overlord  
  72  5:25  Baneling x2  
  74  5:29  Overlord  
  74  5:34  Overlord  
  74  5:38  Drone x3  
  74  5:39  Overlord  
  77  5:50  Mutalisk x7  
  91  6:03  Mutalisk x4  
  93  6:09  Mutalisk, Overlord  
  101  6:15  Drone x2  
  102  6:20  Overlord  
  102  6:26  Overlord  
  102  6:27  Hatchery, Mutalisk x2  
  102  6:28  Mutalisk  
  102  6:30  Zergling x12  
  112  6:38  Overlord x2  
  112  6:42  Mutalisk  
  114  6:47  Zergling x10  
Tags
 
Add a new tag
Caveats
  • Supply blocks, unpowered buildings, or Contaminate may cause inaccurate times.
  • Supply counts are checked every 10 seconds.